 Dungeon Crawl Stone Soup version 0.27-a0-1272-g7c8ad2e407 (webtiles) character file.

Game seed: 4719589803315284885

19505 DeathSun the Severer (level 12, -6/113 HPs)
             Began as a Hill Orc Fighter on June 11, 2021.
             Was the Champion of Zin.
             Shot with a bolt by an orc warrior (13 damage)
             ... on level 1 of the Orcish Mines.
             The game lasted 00:39:50 (13779 turns).

DeathSun the Severer (Hill Orc Fighter)            Turns: 13779, Time: 00:39:51

Health: -6/113     AC: 22    Str: 30    XL:     12   Next: 69%
Magic:  19/19      EV:  5    Int:  8    God:    Zin [******]
Gold:   1063       SH: 10    Dex: 10    Spells: 11/11 levels left

rFire    . . .     SeeInvis .   a - +0 war axe
rCold    . . .     Faith    .   c - +0 kite shield
rNeg     . . .     Spirit   .   s - +0 plate armour
rPois    +         Reflect  .   K - +0 helmet
rElec    .         Harm     .   w - +2 cloak
rCorr    .         Rampage  .   d - +2 pair of gloves
Will     .....                  (no boots)
Stlth    ..........             o - amulet of regeneration
HPRegen  1.28/turn              f - ring of poison resistance
MPRegen  0.16/turn              x - +6 ring of strength

@: on recite cooldown
A: no striking features
a: Renounce Religion, Recite, Vitalisation, Imprison, Sanctuary, Donate Gold


You were on level 1 of the Orcish Mines.
You worshipped Zin.
Zin was exalted by your worship.
You visited 4 branches of the dungeon, and saw 16 of its levels.
You also visited: Sewer and Bailey.

You collected 1296 gold pieces.
You spent 104 gold pieces at shops.
You donated 129 gold pieces to Zin.

Inventory:

Hand Weapons
 a - a +0 war axe (weapon)
Missiles
 t - 21 boomerangs (quivered)
 H - a curare-tipped dart
 J - 2 throwing nets
Armour
 b - a +0 scale mail
 c - a +0 kite shield (worn)
 d - a +2 pair of gloves (worn)
 s - a +0 plate armour (worn)
 w - a +2 cloak (worn)
 K - a +0 helmet (worn)
Jewellery
 f - a ring of poison resistance (left hand)
 o - an amulet of regeneration (around neck)
 x - a +6 ring of strength (right hand)
 L - a ring of protection from cold
 Q - a ring of protection from fire
 R - an amulet of reflection
 S - a ring of flight
Wands
 l - a wand of iceblast (4)
 v - a wand of flame (22)
 I - a wand of paralysis (8)
Scrolls
 e - 5 scrolls of teleportation
 h - 3 scrolls of noise
 j - 3 scrolls of enchant weapon
 m - 5 scrolls of fear
 n - 2 scrolls of magic mapping
 p - a scroll of summoning {unknown}
 r - a scroll of enchant armour {unknown}
 y - a scroll of holy word {unknown}
 D - 2 scrolls of torment
 E - a scroll of immolation {unknown}
 F - a scroll of fog {unknown}
 G - a scroll of blinking {unknown}
 O - a scroll of vulnerability {unknown}
Potions
 g - a potion of cancellation {unknown}
 i - 4 potions of flight
 k - 2 potions of attraction
 q - 2 potions of mutation
 u - 3 potions of degeneration
 z - a potion of curing {unknown}
 A - 5 potions of lignification
 B - 3 potions of ambrosia
 C - a potion of resistance {unknown}
 M - a potion of magic {unknown}
 N - a potion of brilliance {unknown}
 P - 2 potions of haste
Miscellaneous
 T - a lightning rod (4/4)


   Skills:
 * Level 12.8 Fighting
 - Level 16.0 Axes
 * Level 9.5 Armour
 - Level 3.2 Shields
 - Level 10.0 Invocations
 - Level 5.0 Evocations


You had 11 spell levels left.
You didn't know any spells.
Your spell library contained the following spells:

 Spells                   Type           Power      Damage    Failure   Level
 Magic Dart               Conj           0%         1d3       100%        1
 Summon Small Mammal      Summ           0%         N/A       100%        1
 Blink                    Tloc           N/A        N/A       100%        2
 Call Imp                 Summ           0%         N/A       100%        2
 Slow                     Hex            0%         N/A       100%        2
 Call Canine Familiar     Summ           0%         N/A       100%        3
 Conjure Flame            Conj/Fire      0%         6-21      100%        3
 Mephitic Cloud           Conj/Pois/Air  0%         N/A       100%        3
 Summon Guardian Golem    Hex/Summ       0%         N/A       100%        3
 Summon Ice Beast         Ice/Summ       0%         N/A       100%        4
 Summon Lightning Spire   Summ/Air       0%         N/A       100%        4
 Irradiate                Conj/Tmut      0%         3d14      100%        5
 Blade Hands              Tmut           0%         N/A       100%        6
 Statue Form              Tmut/Erth      0%         N/A       100%        6
 Dragon Form              Tmut           0%         N/A       100%        7
 Storm Form               Tmut/Air       0%         N/A       100%        7


Dungeon Overview and Level Annotations

Branches:
Dungeon (12/15)            Temple (1/1) D:4            Lair (1/6) D:10
    Orc (2/2) D:11            Elf (0/3) Orc:2         Sewer (visited)
 Bailey (visited)

Altars:
Ashenzari
Cheibriados
Dithmenos
Elyvilon
Fedhas
Gozag
Hepliaklqana
Kikubaaqudgha
Makhleb
Nemelex Xobeh
Okawaru
Qazlal
Ru
Sif Muna
Trog
Uskayaw
Vehumet
Wu Jian
Xom
Yredelemnul
Zin
The Shining One
Beogh

Shops:
D:4 *   D:10 ?

Annotations:
D:7 2 transporters, crabbyslav's ghost, novice DsGl
D:11 4 runed translucent doors


Message History

There is a stone staircase leading down, spattered with blood here.
Unknown command.
You clear your throat and prepare to recite. "Zin looked out upon the remains of the bastard children of Xom..."
The orc warrior is confused by your recitation.
The orc warrior shouts!
The orc warrior hits you with a +0 broad axe.
You block the orc warrior's attack. x2
You strike the helpless orc warrior from behind!
You hit the orc warrior.
The orc warrior is severely wounded.
You hit the orc warrior. You slash the orc warrior!
You kill the orc warrior! "...and declared it good that they had been..."
You block the orc warrior's attack. x2
You catch the helpless orc warrior completely off-guard!
You slice the orc warrior!!
You kill the orc warrior!
You hit the orc warrior.
You block the orc warrior's attack. "...ousted.
And thus justice was done."
You finish reciting Apostates 16:17.
The orc warrior unwields a +0 broad axe.
The orc warrior wields a +0 arbalest.
The orc warrior shoots a bolt.
The bolt hits you!
Things that are here:
a +0 battleaxe; a +0 arbalest; 10 bolts The orc warrior unwields a +0 arbalest.
The orc warrior wields a +0 broad axe.
The orc warrior hits you with a +0 broad axe!
* * * LOW HITPOINT WARNING * * *
You hit the orc warrior but do no damage.
The orc warrior is heavily wounded.
The orc warrior hits you with a +0 broad axe!!
* * * LOW HITPOINT WARNING * * *
You hit the orc warrior but do no damage.
The orc warrior is heavily wounded.
Okay, then.
The orc warrior unwields a +0 broad axe.
The orc warrior wields a +0 arbalest.
The orc warrior shoots a bolt.
The bolt hits you!
You die...

##.#...##.##
###...#.##...#####
##.....#.###.##.#.##
##.........#........#
#...#......#.......##
##.#...............##
##.....#...........##
#####.....##....[.....#
.##..##.........@.o..##
.......#........)>)...#
.#...............()...#
.#...#.##.............#
#.#.######.....).)....#
......#.##....[[<.[...#
.........)#.....)....##
#)#...)...........).##
.#.#.................##


You could see an orc warrior (strong).

Vanquished Creatures
  A boulder beetle (D:10)
  3 two-headed ogres (D:11)
  3 orc knights
  A deep elf pyromancer (D:10)
  2 manticores
  An orc sorcerer (Orc:1)
  5 cyclopes
  Joseph (D:8)
  Psyche (D:8)
  2 cane toads (Lair:1)
  A komodo dragon (D:10)
  3 trolls
  Prince Ribbit (D:8)
  2 shadows (D:10)
  3 wraiths
  2 wyverns
  5 yaks (D:8)
  A steam dragon (D:9)
  4 wargs
  A water moccasin (D:9)
  2 floating eyes (D:11)
  16 orc warriors
  Purgy (Sewer)
  3 sky beasts (D:7)
  An ice beast (D:6)
  A necrophage (D:8)
  7 ogres
  10 centaurs
  3 phantoms
  2 kobold brigands
  2 gnoll sergeants
  4 bullfrogs
  A water moccasin zombie (D:5)
  A killer bee (D:11)
  3 howler monkeys
  A crimson imp (D:10)
  5 centaur zombies
  2 bullfrog zombies
  5 hounds
  A jelly (D:4)
  2 centaur skeletons
  14 orc priests
  2 bullfrog skeletons (D:5)
  An iguana (D:4)
  17 orc wizards
  A killer bee zombie (D:6)
  A hound zombie (D:5)
  A hound skeleton (D:5)
  3 howler monkey zombies
  17 gnolls
  7 adders
  3 white imps
  3 ufetubi
  2 worms (D:3)
  2 dart slugs (D:1)
  53 orcs
  4 bats
  10 endoplasms
  3 giant cockroaches
  7 goblins
  5 hobgoblins
  10 jackals
  16 kobolds
  5 quokkas
  7 ball pythons
  5 frilled lizards
  7 rats
322 creatures vanquished.

Vanquished Creatures (others)
  4 plants
4 creatures vanquished.

Grand Total: 326 creatures vanquished

Notes
Turn   | Place    | Note
-------+----------+-------------------------------------------
     0 | D:1      | DeathSun the Hill Orc Fighter began the quest for the Orb.
     0 | D:1      | Reached XP level 1. HP: 19/19 MP: 1/1
    19 | D:1      | Reached skill level 3 in Axes
   187 | D:1      | Reached XP level 2. HP: 25/26 MP: 2/2
   377 | D:1      | Reached skill level 4 in Axes
   702 | D:1      | Reached XP level 3. HP: 31/31 MP: 3/3
  1109 | D:1      | Reached skill level 5 in Axes
  1245 | D:1      | Reached XP level 4. HP: 20/39 MP: 4/4
  1733 | D:2      | Reached skill level 6 in Axes
  2355 | D:3      | Reached XP level 5. HP: 45/45 MP: 5/5
  2376 | D:3      | Reached skill level 7 in Axes
  2420 | D:3      | Found a roughly hewn altar of Beogh.
  2521 | D:3      | Reached XP level 6. HP: 52/52 MP: 6/6
  2639 | D:3      | Found a glowing drain.
  2643 | Sewer    | Entered a sewer
  2646 | Sewer    | Noticed Purgy
  2659 | Sewer    | Killed Purgy
  2660 | Sewer    | Reached skill level 8 in Axes
  3157 | D:4      | Found a staircase to the Ecumenical Temple.
  3177 | Temple   | Entered the Ecumenical Temple
  3253 | Temple   | Became a worshipper of Zin the Law-Giver
  3253 | Temple   | Reached * piety under Zin
  3270 | D:4      | Reached XP level 7. HP: 60/60 MP: 7/7
  3349 | D:4      | Found Nedawnell's General Store.
  3355 | D:4      | Reached skill level 1 in Invocations
  3366 | D:4      | Bought a scroll of teleportation for 39 gold pieces
  3366 | D:4      | Bought a potion of heal wounds for 65 gold pieces
  3508 | D:4      | Reached skill level 5 in Fighting
  3668 | D:5      | Entered Level 5 of the Dungeon
  3747 | D:5      | Reached skill level 9 in Axes
  3762 | D:5      | Found a sacrificial altar of Ru.
  4121 | D:5      | Reached skill level 5 in Armour
  4121 | D:5      | Reached XP level 8. HP: 29/68 MP: 10/10
  4403 | D:5      | Reached skill level 10 in Axes
  4724 | D:6      | Reached ** piety under Zin
  4915 | D:6      | Reached skill level 11 in Axes
  5005 | D:6      | Reached skill level 5 in Invocations
  5352 | D:7      | Reached skill level 12 in Axes
  5364 | D:7      | Noticed a moth of wrath
  5380 | D:7      | Found a transporter.
  5382 | D:7      | Reached *** piety under Zin
  5384 | D:7      | Noticed crabbyslav's ghost (novice DsGl)
  5398 | D:7      | Found a transporter.
  5479 | D:7      | Reached XP level 9. HP: 72/74 MP: 12/12
  5595 | D:7      | Reached skill level 13 in Axes
  5713 | D:7      | Found a glowing silver altar of Zin.
  5915 | D:7      | Found a bloodstained altar of Trog.
  5975 | D:7      | Noticed a cyclops
  5988 | D:7      | Killed a cyclops
  6314 | D:8      | Noticed Joseph
  6320 | D:8      | Paralysed by Joseph for 7 turns
  6332 | D:8      | Paralysed by Joseph for 6 turns
  6340 | D:8      | Killed Joseph
  6509 | D:8      | Noticed Prince Ribbit
  6513 | D:8      | Reached XP level 10. HP: 84/84 MP: 15/15
  6534 | D:8      | Killed Prince Ribbit
  6535 | D:8      | Reached skill level 14 in Axes
  6611 | D:8      | Reached **** piety under Zin
  6711 | D:8      | Identified the +3 hunting sling "Riypuike" {freeze, Str+5}
  6730 | D:8      | Noticed Psyche
  6766 | D:8      | Killed Psyche
  7439 | D:9      | Found a flagged portal.
  7448 | Bailey   | Entered a bailey
  8475 | D:10     | Entered Level 10 of the Dungeon
  8588 | D:10     | Found Haddonubb's Magic Scroll Shoppe.
  8614 | D:10     | Noticed a deep elf pyromancer
  8646 | D:10     | Reached skill level 15 in Axes
  8705 | D:10     | Killed a deep elf pyromancer
  8823 | D:10     | Noticed a cyclops
  8833 | D:10     | Killed a cyclops
  8834 | D:10     | Reached skill level 10 in Invocations
  8834 | D:10     | Reached XP level 11. HP: 74/97 MP: 18/18
  9183 | D:10     | Found a staircase to the Lair.
  9400 | D:11     | Reached ***** piety under Zin
  9452 | D:11     | Found a huge runed translucent gate.
  9452 | D:11     | Found a huge runed translucent gate.
  9453 | D:11     | Found a huge runed translucent gate.
  9454 | D:11     | Found a huge runed translucent gate.
  9641 | D:11     | Reached skill level 10 in Fighting
  9717 | D:11     | Found a staircase to the Orcish Mines.
  9717 | D:11     | Noticed a boulder beetle
  9737 | D:11     | Noticed a cyclops
  9751 | D:11     | Noticed a cyclops
  9773 | D:11     | Noticed a two-headed ogre
  9828 | D:11     | Noticed a two-headed ogre
  9846 | D:11     | Killed a cyclops
  9951 | Lair:1   | Entered Level 1 of the Lair of Beasts
  9968 | Lair:1   | Reached skill level 16 in Axes
 10081 | Lair:1   | Noticed a seven-headed hydra
 10269 | D:11     | Noticed a manticore
 10292 | D:10     | Killed a manticore
 10373 | D:11     | Noticed a manticore
 10430 | D:10     | Killed a boulder beetle
 11594 | D:11     | Reached skill level 1 in Evocations
 11602 | D:11     | Killed a cyclops
 11664 | D:11     | Killed a manticore
 11669 | D:11     | Killed a two-headed ogre
 11710 | D:11     | Killed a two-headed ogre
 11810 | D:11     | Reached XP level 12. HP: 110/110 MP: 19/19
 12033 | D:11     | Noticed a two-headed ogre
 12039 | D:11     | Killed a two-headed ogre
 12149 | Orc:1    | Entered Level 1 of the Orcish Mines
 12776 | Orc:2    | Entered Level 2 of the Orcish Mines
 12776 | Orc:2    | Found a staircase to the Elven Halls.
 12808 | Orc:2    | Paralysed by an orc sorcerer for 6 turns
 12813 | Orc:2    | Noticed a soul eater
 13019 | Orc:1    | Reached skill level 5 in Evocations
 13637 | Orc:2    | Reached ****** piety under Zin
 13777 | Orc:1    | HP: 4/113 [orc warrior/+0 broad axe (24)]
 13779 | Orc:1    | Shot with a bolt by an orc warrior

Illustrated notes

Levels and vault maps discovered:
D:1:      ncdulo_wetmaze, layout_basic
D:2:      layout_basic, kennysheep_generic_room_3
D:3:      layout_rooms, gup_sewer_entry_spiral, kennysheep_orc_chapel
D:4:      layout_basic, temple_statues, serial_shops,
          nicolae_shop_window_shopping, minmay_stone_trees_small, st_stairs_11,
          amethyst_killhole
D:5:      layout_loops_corners, lemuel_tele_altar
D:6:      layout_cave_pools, serial_rivers, chequers_serial_rivers_large_b,
          chequers_serial_rivers_micro_d, chequers_serial_rivers_micro_e,
          chequers_serial_rivers_micro_d, chequers_serial_rivers_small_3
D:7:      layout_layer_cave, gammafunk_ghost_berserking_beasts,
          hangedman_feature_mirror
D:8:      layout_basic, serial_curves, eino_curves_02, eino_curves_01,
          eino_curves_02, uniq_prince_ribbit1, uniq_psyche, uniq_joseph
D:9:      layout_stronghold, enter_bailey_2, kennysheep_another_room
D:10:     layout_loops_ring, david_lair_shrubbed, serial_shops,
          nicolae_shop_temple_entry_statues_fountains, minmay_fire_ice_demons
D:11:     lemuel_bear_cage, layout_basic, orc_0_dummy, onia_ninara_cookie
D:12:     layout_basic
Temple:   grunt_wide_crystal_templ
Lair:1:   layout_cellular_growth, st_stairs_6, grunt_megastairs_4,
          lemuel_fruit_tree, minmay_lair_oklob_chamber
Orc:1:    layout_caves
Orc:2:    st_orc_rangers, layout_diamond_mine, nicolae_orc_sculptors_studio

Skill      XL: |  1  2  3  4  5  6  7  8  9 10 11 12 |
---------------+-------------------------------------+-----
Axes           | 3 4 5 6 7 8 9 12 13 15 16 | 16.0
Fighting       | 4 5 6 9 11 12 | 12.8
Armour         | 4 5 7 9 |  9.5
Invocations    | 3 5 7 10 | 10.0
Evocations     | 3 5 |  5.0
Shields        | |  3.2

Action                   |  1- 3 |  4- 6 |  7- 9 | 10-12 || total
-------------------------+-------+-------+-------+-------++-------
Melee: War axe           |    82 |   192 |   328 |   658 ||  1260
       Unarmed           |       |       |       |    14 ||    14
Throw: Boomerang         |       |       |       |     1 ||     1
Invok: Recite            |       |       |     2 |    25 ||    27
       Vitalisation      |       |       |       |     1 ||     1
Evoke: Wand              |       |       |       |     5 ||     5
  Use: Potion            |       |     1 |       |     2 ||     3
       Scroll            |       |       |     5 |     9 ||    14
 Stab: Invisible         |       |       |       |     8 ||     8
       Confused          |       |       |       |    11 ||    11
       Paralysed         |       |       |       |     6 ||     6
Armor: Scale mail        |    36 |    38 |       |       ||    74
       Plate armour      |       |    83 |   209 |   476 ||   768
       Skin              |       |       |       |    11 ||    11
Dodge: Dodged            |    21 |    54 |    44 |   166 ||   285
Block: Kite shield       |    38 |   116 |   150 |   424 ||   728

Table legend: (Time is in decaauts)
 A = Elapsed time spent in this place.
 B = Non-inter-level travel time spent in this place.
 C = Inter-level travel time spent in this place.
 D = Time resting spent in this place.
 E = Time spent auto-exploring this place.
 F = Levels seen in this place.
 G = Mean time per level.
                   A        B        C        D        E       F      G
               +--------+--------+--------+--------+--------+-----+--------+
         Total |  14054 |  12873 |   1181 |   2129 |   7184 |  18 |  780.8 |
       Dungeon |  11943 |  10930 |   1013 |   1497 |   6747 |  12 |  995.2 |
        Temple |     87 |     87 |      0 |      0 |     55 |   1 |   87.0 |
          Lair |    266 |    266 |      0 |     59 |     40 |   1 |  266.0 |
  Orcish Mines |   1516 |   1348 |    168 |    573 |    226 |   2 |  758.0 |
         Sewer |    217 |    217 |      0 |      0 |    116 |   1 |  217.0 |
        Bailey |     22 |     22 |      0 |      0 |      0 |   1 |   22.0 |
               +--------+--------+--------+--------+--------+-----+--------+

Top non-repeatable levels by time:
    D:11: 1487 daAuts
     D:1: 1406 daAuts
   Orc:1: 1335 daAuts
     D:8: 1286 daAuts
    D:10: 1284 daAuts
     D:9: 1283 daAuts
     D:5: 1189 daAuts
     D:2: 1019 daAuts
     D:7: 958 daAuts
     D:6: 721 daAuts
     D:3: 668 daAuts
     D:4: 626 daAuts
  Lair:1: 266 daAuts
   Sewer: 217 daAuts
   Orc:2: 180 daAuts
